Construct Infanterie Kompanie
Selects Luftwaffe Battlegroup
Selects Luftwaffe Battlegroup
Selects Luftwaffe Battlegroup
Selects Luftwaffe Pioneer Support
Fallschirmpioneer Squad Paradrop
Construct Luftwaffe Kompanie
Selects LG40 Recoilless Gun Paradrop
Selects Stuka Strafing Run
Selects Fallschirmjäger Squad Paradrop
LG40 Recoilless Gun Paradrop
Fallschirmjäger Squad Paradrop
Construct Panzer Kompanie
Infanterie Officer Quarters